 Dungeon Sprint DCSS version 0.26-a0-662-g8b9c6dab81 (webtiles) character file.

Game seed: 1834889810520934639

21831 mhtbhm the Sorcerer (level 12, -32/58 (60) HPs)
             Began as a Deep Elf Earth Elementalist on Oct 9, 2020.
             Was the Champion of Vehumet.
             Killed by blast of rock fragments (33 damage)
             ... in the Dungeon (Sprint III: "The Ten Rune Challenge").
             The game lasted 00:12:28 (3481 turns).

mhtbhm the Sorcerer (Deep Elf Earth Elementalist)   Turns: 3481, Time: 00:12:29

HP:   -32/58 (60)   AC:  4    Str:  5    XL:     12   Next: 57%
MP:   27/43         EV: 16    Int: 26    God:    Vehumet [******]
Gold: 1240          SH:  0    Dex: 15    Spells: 19/62 levels left

rFire    + . .     SeeInvis .   z - staff of earth
rCold    + . .     Faith    .   (no shield)
rNeg     . . .     Spirit   .   c - +2 robe {MR+}
rPois    +         Reflect  .   (no helmet)
rElec    .         Harm     .   y - scarf {rC+ rF+}
rCorr    .         Rampage  .   (no gloves)
MR       ++++.     NoTele   +   (no boots)
Stlth    +++.......             (no amulet)
HPRegen  0.19/turn              x - ring of poison resistance
MPRegen  0.28/turn              (no ring)

@: lethally poisoned (-32 -> -43), berserk cooldown, slowed, very slow
A: talons 1, magic resistance 2, sense surroundings 1, wild magic 1, no potion
heal 1, sturdy frame 1
a: Renounce Religion


You were in the Dungeon.
You worshipped Vehumet.
Vehumet was exalted by your worship.
You visited 1 branch You collected 1720 gold pieces.
You spent 480 gold pieces at shops.

Inventory:

Missiles
 b - 7 stones (quivered)
 e - 7 curare-tipped darts
Armour
 c - a +2 robe of magic resistance (worn)
 y - a scarf of resistance (worn)
Magical Staves
 u - an uncursed staff of conjuration
 z - an uncursed staff of earth (weapon)
Jewellery
 x - a ring of poison resistance (left hand)
Wands
 r - a wand of disintegration (16)
 v - a wand of iceblast (8)
Scrolls
 a - a scroll of enchant armour
 d - 3 scrolls of amnesia {unknown}
 k - 2 scrolls of immolation {unknown}
 l - a scroll of enchant weapon
 n - 2 scrolls of holy word {unknown}
 p - a scroll of remove curse {unknown}
 t - 2 scrolls of silence {unknown}
Potions
 f - a potion of haste
 g - 2 potions of magic
 h - a potion of berserk rage
 q - 2 potions of might
Miscellaneous
 i - a tin of tremorstones (3/3)
 s - a lightning rod (4/4)


   Skills:
 - Level 0.4 Fighting
 + Level 6.4 Dodging
 - Level 5.7 Stealth
 + Level 25.6 Spellcasting
 + Level 4.6 Conjurations
 + Level 1.5 Transmutations
 + Level 0.1 Fire Magic
 + Level 22.5 Earth Magic
 + Level 3.9 Evocations


You had 19 spell levels left.
You knew the following spells:

 Your Spells              Type           Power        Failure   Level
a - Sandblast             Erth           ######       1%          1
b - Passwall              Tmut/Erth      ########     1%          2
c - Stone Arrow           Conj/Erth      ######       1%          3
d - Lee's Rapid Deconstr  Erth           ########..   1%          5
e - Petrify               Tmut/Erth      ########     1%          4
f - Mephitic Cloud        Conj/Pois/Air  ######..     1%          3
g - Fireball              Conj/Fire      ######....   4%          5
h - Bolt of Magma         Conj/Fire/Erth ########..   1%          5
i - Iron Shot             Conj/Erth      ########..   1%          6
j - Shatter               Erth           ########..   3%          9

Your spell library contained the following spells:

 Spells                   Type           Power        Failure   Level
 Irradiate                Conj/Tmut      ######....   3%          5
 Animate Skeleton         Necr           #####.       1%          1
 Corona                   Hex            #####..      1%          1
 Foxfire                  Conj/Fire      ####         1%          1
 Magic Dart               Conj           ####         1%          1
 Sting                    Tmut/Pois      ####         1%          1
 Conjure Flame            Conj/Fire      ######..     1%          3
 Dazzling Flash           Conj/Hex       ######       1%          3
 Ignite Poison            Fire/Tmut/Pois #####...     1%          3
 Static Discharge         Conj/Air       ######..     1%          3
 Iskenderun's Battlesphe  Conj           ######..     1%          5
 Blink                    Tloc           N/A          2%          2
 Call Imp                 Summ           #####...     2%          2
 Ensorcelled Hibernation  Hex/Ice        #####.       2%          2
 Slow                     Hex            #####...     2%          2
 Confusing Touch          Hex            #####...     4%          3
 Tukima's Dance           Hex            #####...     4%          3
 Lightning Bolt           Conj/Air       ######....   4%          5
 Yara's Violent Unravell  Hex/Tmut       #####.....   7%          5
 Ice Form                 Ice/Tmut       #####...     11%         4
 Cause Fear               Hex            #####.....   14%         4
 Freezing Cloud           Conj/Ice/Air   ######....   24%         6
 Alistair's Intoxication  Tmut/Pois      #####....    26%         5
 Metabolic Englaciation   Hex/Ice        #####.....   34%         5
 Silence                  Hex/Air        #####.....   34%         5
 Orb of Destruction       Conj           ######....   34%         7
 Ozocubu's Refrigeration  Ice            #####.....   41%         6
 Spellforged Servitor     Conj/Summ      ######....   63%         7
 Eringya's Noxious Bog    Tmut/Pois      #####.....   78%         6
 Invisibility             Hex            #####...     87%         6
 Simulacrum               Ice/Necr       #####.....   87%         6
 Dragon Form              Tmut           ######....   99%         7
 Ignition                 Fire           #####.....   100%        8
 Dragon's Call            Summ           #####.....   100%        9
 Tornado                  Air            #####.....   100%        9


Dungeon Overview and Level Annotations

Branches:
Dungeon (1/1)

Altars:
Cheibriados
Dithmenos
Elyvilon
Fedhas
Gozag
Hepliaklqana
Kikubaaqudgha
Makhleb
Nemelex Xobeh
Okawaru
Qazlal
Ru
Sif Muna
Trog
Uskayaw
Vehumet
Wu Jian
Xom
Yredelemnul
Zin
The Shining One
Beogh
Jiyva
Lugonu

Shops:
D }


Innate Abilities, Weirdness & Mutations

You have sharp toenails.
You are highly resistant to hostile enchantments. (MR++)
You passively map a small area around you.
Your spells are a little harder to cast, but a little more powerful.
Potions are less effective at restoring your health.
Your movements are slightly less encumbered by armour. (ER -2)


Message History

A rock wall.
You feel a surge of power! That beam is likely to hit you.
Continue anyway?
Okay, then.
Okay, then.
Unknown command.
Casting: Lee's Rapid Deconstruction (safe; 1% risk of failure)
Confirm with . or Enter, or press ? or * to list all spells.
Press: ? - help, Dir - move target cursor You cannot affect that.
Okay, then.
Casting: Lee's Rapid Deconstruction (safe; 1% risk of failure)
Confirm with . or Enter, or press ? or * to list all spells.
Press: ? - help, Dir - move target cursor A rock wall.
You feel a surge of power! That beam is likely to hit you.
Continue anyway?
The wall shatters!
The blast of rock fragments hits you!!
Ouch! That really hurt!
You die...

......##.#)..≈≈≈.[[[....#[#*
.....###.#)..##≈≈≈≈##..##.#
,
.####.##.)...##....'....).#
..# ##.####################
, ,
######################### *
§≈§§#.'...'.#.#.#.'...≈≈#
,,,,
§§#§#.#(..##.#.#.##...≈≈# *
* *
§§#§#.#)..#.#.#.#.#...≈≈≈≈**
, §.#...#...##.#.#@##y..≈≈≈≈
* ▓▓▓▓▓▓▓▓▓▓#.#.#.#.#.......
,
....≈≈≈...##.#.#.##.......*
≈≈≈≈≈≈....'.#.#.#.#.......
♣♣♣♣♣.....##)#.#.#########
♣♣.††.##'#####** * * , * *
♣♣...#...+ ≈ , ≈≈≈
.°#))#.).#, ≈ , ≈ , ≈≈
§..#|=#...#,*≈


There were no monsters in sight!

Vanquished Creatures
  A deep elf blademaster (D)
  Frances (D)
  Donald (D)
  3 deep elf demonologists (D)
  A deep elf annihilator (D)
  2 deep elf death magi (D)
  Josephine (D)
  2 hydras (D)
  A centaur warrior (D)
  An orc high priest (D)
  A deep elf knight (D)
  2 unseen horrors (D)
  A death drake (D)
  An orc knight (D)
  5 deep elf magi (D)
  3 wandering mushrooms (D)
  A queen bee (D)
  A shadow (D)
  A spatial vortex (D)
  A hydra simulacrum (D)
  2 orc warriors (D)
  A necrophage (D)
  A fire dragon simulacrum (D)
  2 centaurs (D)
  An earth elemental (D)
  A water elemental (D)
  A scorpion (D)
  32 killer bees (D)
  An orc priest (D)
  A wizard (D)
  A jelly (D)
  A necromancer (D)
  4 orc wizards (D)
  2 polar bear simulacra (D)
  3 humans (D)
  A kobold demonologist (D)
  9 orcs (D)
  4 rats (D)
99 creatures vanquished.

Vanquished Creatures (others)
  A hydra (D)
  7 plants (D)
8 creatures vanquished.

Grand Total: 107 creatures vanquished

Notes
Turn   | Place    | Note
-------+----------+-------------------------------------------
     0 | D        | mhtbhm the Deep Elf Earth Elementalist began the quest for
                  | the Orb.
     0 | D        | Reached XP level 1. HP: 10/10 MP: 6/6
   117 | D        | Noticed a scorpion
   121 | D        | Killed a scorpion
   121 | D        | Reached skill level 5 in Spellcasting
   121 | D        | Reached XP level 2. HP: 14/15 MP: 2/10
   121 | D        | Reached XP level 3. HP: 18/19 MP: 2/12
   130 | D        | Reached skill level 6 in Spellcasting
   130 | D        | Reached XP level 4. HP: 18/24 MP: 0/14
   139 | D        | Learned a level 2 spell: Passwall
   143 | D        | Learned a level 3 spell: Stone Arrow
   212 | D        | Gained mutation: You have sharp toenails. [potion of
                  | mutation]
   212 | D        | Gained mutation: You passively map a small area around you.
                  | [potion of mutation]
   212 | D        | Gained mutation: You are resistant to hostile enchantments.
                  | (MR+) [potion of mutation]
   212 | D        | Gained mutation: You are resistant to electric shocks.
                  | (rElec) [potion of mutation]
   231 | D        | Noticed a water elemental
   237 | D        | Killed a water elemental
   237 | D        | Reached skill level 7 in Spellcasting
   310 | D        | Killed a seven-headed hydra
   350 | D        | Found a radiant altar of Vehumet.
   350 | D        | Found a shimmering blue altar of Sif Muna.
   350 | D        | Found an ancient bone altar of Kikubaaqudgha.
   350 | D        | Noticed a wizard
   351 | D        | Killed a wizard
   351 | D        | Reached skill level 8 in Spellcasting
   351 | D        | Reached XP level 5. HP: 28/28 MP: 14/17
   354 | D        | Noticed an orange demon
   361 | D        | Became a worshipper of Vehumet
   437 | D        | Learned a level 5 spell: Lee's Rapid Deconstruction
   442 | D        | Learned a level 4 spell: Petrify
   446 | D        | Learned a level 3 spell: Mephitic Cloud
   447 | D        | Found a basalt altar of Yredelemnul.
   447 | D        | Found a shadowy altar of Dithmenos.
   447 | D        | Found a sacrificial altar of Ru.
   447 | D        | Noticed a necrophage
   448 | D        | Reached skill level 5 in Dodging
   450 | D        | Killed a necrophage
   450 | D        | Reached skill level 5 in Stealth
   450 | D        | Reached skill level 10 in Spellcasting
   450 | D        | Reached skill level 10 in Earth Magic
   450 | D        | Reached XP level 6. HP: 26/31 MP: 2/21
   597 | D        | Found a hide-covered altar of Uskayaw.
   597 | D        | Found a roughly hewn altar of Beogh.
   597 | D        | Found an iron altar of Okawaru.
   597 | D        | Found a bloodstained altar of Trog.
   597 | D        | Found an ornate altar of the Wu Jian Council.
   597 | D        | Noticed a human
   597 | D        | Noticed a human
   600 | D        | Killed a human
   600 | D        | Reached * piety under Vehumet
   600 | D        | Offered knowledge of Shock by Vehumet.
   600 | D        | Reached skill level 11 in Spellcasting
   602 | D        | Killed a human
   602 | D        | Reached skill level 12 in Spellcasting
   602 | D        | Reached XP level 7. HP: 35/35 MP: 0/24
   738 | D        | Found a glowing silver altar of Zin.
   738 | D        | Found a glowing golden altar of the Shining One.
   738 | D        | Found a white marble altar of Elyvilon.
   738 | D        | Noticed a deep elf mage
   740 | D        | Killed a deep elf mage
   740 | D        | Reached skill level 13 in Spellcasting
   808 | D        | Noticed a shadow
   809 | D        | Offered knowledge of Freeze by Vehumet.
   809 | D        | Reached ** piety under Vehumet
   811 | D        | Killed a shadow
   811 | D        | Reached skill level 14 in Spellcasting
   811 | D        | Reached XP level 8. HP: 41/41 MP: 12/28
   942 | D        | Found a blossoming altar of Fedhas.
   942 | D        | Found a stormy altar of Qazlal.
   942 | D        | Found a snail-covered altar of Cheibriados.
   942 | D        | Found a burning altar of Makhleb.
   942 | D        | Found a shimmering altar of Xom.
   943 | D        | Found a hazy altar of Hepliaklqana.
   943 | D        | Found an opulent altar of Gozag.
   943 | D        | Found a sparkling altar of Nemelex Xobeh.
   943 | D        | Found a corrupted altar of Lugonu.
   943 | D        | Found a viscous altar of Jiyva.
  1003 | D        | Noticed Josephine
  1009 | D        | Killed Josephine
  1009 | D        | Offered knowledge of Static Discharge by Vehumet.
  1009 | D        | Reached skill level 16 in Spellcasting
  1009 | D        | Reached skill level 1 in Conjurations
  1009 | D        | Reached skill level 15 in Earth Magic
  1009 | D        | Reached XP level 9. HP: 45/45 MP: 15/31
  1089 | D        | Reached *** piety under Vehumet
  1141 | D        | Killed a centaur warrior
  1141 | D        | Reached skill level 17 in Spellcasting
  1201 | D        | Killed an unseen horror
  1201 | D        | Offered knowledge of Dazzling Flash by Vehumet.
  1201 | D        | Reached **** piety under Vehumet
  1201 | D        | Reached skill level 18 in Spellcasting
  1203 | D        | Killed an unseen horror
  1203 | D        | Reached XP level 10. HP: 19/50 MP: 19/34
  1407 | D        | Offered knowledge of Lightning Bolt by Vehumet.
  1407 | D        | Reached skill level 19 in Spellcasting
  1527 | D        | Reached ***** piety under Vehumet
  1527 | D        | Offered knowledge of Orb of Destruction by Vehumet.
  1531 | D        | Reached skill level 20 in Spellcasting
  1532 | D        | Reached ****** piety under Vehumet
  2109 | D        | Found Japreo's Gadget Shoppe.
  2111 | D        | Offered knowledge of Bolt of Magma by Vehumet.
  2113 | D        | Noticed an orc high priest
  2115 | D        | Killed an orc high priest
  2115 | D        | Noticed an orc knight
  2118 | D        | Reached skill level 21 in Spellcasting
  2119 | D        | Killed an orc knight
  2280 | D        | Bought a tin of tremorstones (3/3) for 480 gold pieces
  2309 | D        | Noticed a deep elf knight
  2309 | D        | Noticed a deep elf mage
  2309 | D        | Noticed a deep elf mage
  2309 | D        | Noticed a deep elf mage
  2309 | D        | Noticed a deep elf mage
  2315 | D        | Killed a deep elf mage
  2315 | D        | Offered knowledge of Starburst by Vehumet.
  2315 | D        | Reached skill level 1 in Evocations
  2315 | D        | Reached XP level 11. HP: 55/55 MP: 35/38
  2318 | D        | Killed a deep elf mage
  2318 | D        | Killed a deep elf knight
  2321 | D        | Killed a deep elf mage
  2321 | D        | Reached skill level 22 in Spellcasting
  2323 | D        | Killed a deep elf mage
  2382 | D        | Noticed a deep elf annihilator
  2383 | D        | Noticed a deep elf demonologist
  2632 | D        | Noticed a deep elf death mage
  2635 | D        | Killed a deep elf death mage
  2671 | D        | Noticed a deep elf demonologist
  2793 | D        | Noticed a deep elf demonologist
  2794 | D        | Noticed a deep elf death mage
  2900 | D        | Noticed a deep elf blademaster
  2905 | D        | Killed a deep elf death mage
  2907 | D        | Killed a deep elf annihilator
  2907 | D        | Offered knowledge of Fireball by Vehumet.
  2907 | D        | Reached skill level 23 in Spellcasting
  2969 | D        | Killed a deep elf demonologist
  2973 | D        | Killed a deep elf demonologist
  2989 | D        | Killed a deep elf demonologist
  3037 | D        | Killed a deep elf blademaster
  3037 | D        | Reached skill level 24 in Spellcasting
  3037 | D        | Reached XP level 12. HP: 60/60 MP: 24/42
  3104 | D        | Identified Kioss's Collected Works on Dark Transmutation
  3111 | D        | Identified Biunk's Volume of the Ensnaring Arsonist
  3114 | D        | Got a crude lead amulet
  3126 | D        | Identified the amulet of the Freezing Scavenger {Spirit
                  | +Blink rN+ Str+2} (You found it in the Dungeon)
  3155 | D        | Learned a level 5 spell: Fireball
  3161 | D        | Learned a level 5 spell: Bolt of Magma
  3168 | D        | Learned a level 6 spell: Iron Shot
  3178 | D        | Learned a level 9 spell: Shatter
  3256 | D        | Noticed Donald
  3256 | D        | Noticed Frances
  3260 | D        | Killed Frances
  3263 | D        | Killed Donald
  3263 | D        | Offered knowledge of Irradiate by Vehumet.
  3263 | D        | Reached skill level 25 in Spellcasting
  3463 | D        | Noticed a seven-headed hydra
  3463 | D        | Noticed a six-headed hydra
  3465 | D        | Killed a seven-headed hydra
  3467 | D        | Killed a six-headed hydra
  3479 | D        | Lost mutation: You are resistant to electric shocks.
                  | (rElec) [potion of mutation]
  3479 | D        | Lost mutation: You have sharp toenails. [potion of
                  | mutation]
  3479 | D        | Gained mutation: You possess an exceptional clarity of
                  | mind. [potion of mutation]
  3479 | D        | Gained mutation: Your movements are slightly less
                  | encumbered by armour. (ER -2) [potion of mutation]
  3480 | D        | Lost mutation: You possess an exceptional clarity of mind.
                  | [potion of mutation]
  3480 | D        | Gained mutation: Potions are less effective at restoring
                  | your health. [potion of mutation]
  3480 | D        | Gained mutation: Your spells are a little harder to cast,
                  | but a little more powerful. [potion of mutation]
  3480 | D        | Gained mutation: You are highly resistant to hostile
                  | enchantments. (MR++) [potion of mutation]
  3480 | D        | Gained mutation: You have sharp toenails. [potion of
                  | mutation]
  3480 | D        | HP: 1/58 [poison (dark miasma)]
  3481 | D        | Killed by blast of rock fragments

Illustrated notes

Levels and vault maps discovered:
D:        dungeon_sprint_mu [sprint_mu_entry_cave, sprint_mu_temple_rooms,
          sprint_mu_d1_horrors, sprint_mu_d2_genie, sprint_mu_d3_branching,
          sprint_mu_orc_legion, sprint_mu_elf_gauntlet, sprint_mu_hive_nellie,
          sprint_mu_lair_fedhas, sprint_mu_vaults_butterflies,
          sprint_mu_slime_circle, sprint_mu_swamp_cave, sprint_mu_shoals_archi,
          sprint_mu_blade_basic, sprint_mu_crypt_fortress,
          sprint_mu_tomb_spiral, sprint_mu_vestibule_basic,
          sprint_mu_gehenna_hellfire, sprint_mu_dis_giant,
          sprint_mu_tartarus_statrot, sprint_mu_cocytus_islands, sprint_mu_zot1]

Skill      XL: |  1  2  3  4  5  6  7  8  9 10 11 12 |
---------------+-------------------------------------+-----
Earth Magic    | 6 7 8 10 11 13 15 16 18 21 22 | 22.5
Dodging        | 3 4 5 6 |  6.4
Stealth        | 3 4 5 |  5.7
Spellcasting   | 5 6 8 10 12 14 16 18 21 24 25 | 25.6
Conjurations   | 1 2 4 |  4.6
Evocations     | 1 3 |  3.9
Fighting       | |  0.4
Transmutations | |  1.5
Fire Magic     | |  0.1

Action                   |  1- 3 |  4- 6 |  7- 9 | 10-12 || total
-------------------------+-------+-------+-------+-------++-------
 Cast: Sandblast         |    12 |    10 |     1 |       ||    23
       Lee's Rapid Decon |       |     7 |    17 |    62 ||    86
       Stone Arrow       |       |       |     1 |    16 ||    17
       Passwall          |       |       |       |     1 ||     1
       Fireball          |       |       |       |     2 ||     2
Evoke: Lightning rod     |       |       |       |     7 ||     7
       Tin of tremorston |       |       |       |     5 ||     5
  Use: Potion            |       |     1 |       |     9 ||    10
       Scroll            |       |       |       |     3 ||     3
Armor: Robe              |       |       |     1 |     2 ||     3
Dodge: Dodged            |       |     1 |       |    24 ||    25

Table legend: (Time is in decaauts)
 A = Elapsed time spent in this place.
 B = Non-inter-level travel time spent in this place.
 C = Inter-level travel time spent in this place.
 D = Time resting spent in this place.
 E = Time spent auto-exploring this place.
 F = Levels seen in this place.
 G = Mean time per level.
                   A        B        C        D        E       F      G
               +--------+--------+--------+--------+--------+-----+--------+
         Total |   3494 |   3494 |      0 |   2616 |     16 |   1 | 3494.0 |
       Dungeon |   3494 |   3494 |      0 |   2616 |     16 |   1 | 3494.0 |
               +--------+--------+--------+--------+--------+-----+--------+

Top non-repeatable levels by time:
       D: 3494 daAuts
